 Dungeon Crawl Stone Soup version 0.29-a0-664-gff9cad4a3d (webtiles) character file.

Game seed: 12513432571181036531

1417 happo123 the Conjurer (level 8, -7/46 HPs)
             Began as a Gargoyle Conjurer on June 23, 2022.
             Was a Follower of Vehumet.
             Killed from afar by an acid dragon (26 damage)
             ... with a splash of acid
             ... on level 7 of the Dungeon.
             The game lasted 00:37:16 (5568 turns).

happo123 the Conjurer (Gargoyle Conjurer)           Turns: 5568, Time: 00:37:18

Health: -7/46      AC: 10    Str: 10    XL:     8   Next: 71%
Magic:  7/15       EV: 11    Int: 22    God:    Vehumet [*.....]
Gold:   339        SH:  0    Dex:  8    Spells: 6/17 levels left

rFire   . . .      SeeInvis .   C - +0 dire flail
rCold   . . .      Faith    .   (shield currently unavailable)
rNeg    + . .      Spirit   .   r - +0 leather armour
rPois   ∞          Reflect  .   f - +0 helmet
rElec   +          Harm     .   (no cloak)
rCorr   .          Rampage  .   (no gloves)
Will    +....                   (no boots)
Stlth   ++........              (no amulet)
HPRegen 0.15/turn               h - +4 ring of slaying
MPRegen 0.14/turn               q - ring of willpower

@: very slightly contaminated, slowed, very slow
A: sickness immunity, AC +5, negative energy resistance 1, electricity
resistance, torment resistance 1, petrification resistance
a: Renounce Religion


You were on level 7 of the Dungeon.
You worshipped Vehumet.
Vehumet was aware of your devotion.
You visited 2 branches of the dungeon, and saw 8 of its levels.
You also visited: Sewer.

You collected 339 gold pieces.

Inventory:

Hand Weapons
 d - a +0 dagger
 g - a +1 short sword of venom
 u - a +0 short sword of holy wrath
 C - a +0 dire flail (weapon)
Armour
 a - a +0 robe
 f - a +0 helmet (worn)
 r - a +0 leather armour (worn)
Jewellery
 h - a +4 ring of slaying (left hand)
 q - a ring of willpower (right hand)
 y - a +6 ring of dexterity
Wands
 G - a wand of iceblast (4)
Scrolls
 c - a scroll of silence {unknown}
 i - a scroll of poison {unknown}
 k - 2 scrolls of amnesia {unknown}
 l - 3 scrolls of identify {unknown}
 m - a scroll of noise {unknown}
 p - 5 scrolls of teleportation {unknown}
 s - a scroll of fog {unknown}
 z - a scroll of vulnerability {unknown}
 D - 2 scrolls of enchant weapon {unknown}
 E - a scroll of blinking {unknown}
 F - a scroll of brand weapon {unknown}
Potions
 b - a potion of magic
 e - a potion of degeneration {unknown}
 j - a potion of haste {unknown}
 n - 8 potions of curing {unknown}
 o - 2 potions of flight {unknown}
 t - a potion of attraction {unknown}
 v - 3 potions of brilliance {unknown}
 w - 2 potions of invisibility {unknown}
 x - a potion of berserk rage {unknown}
 A - 2 potions of mutation {unknown}
 B - 2 potions of might {unknown}


   Skills:
 + Level 3.4 Fighting
 + Level 1.2 Maces & Flails
 + Level 3.5 Armour
 - Level 2.0 Dodging
 + Level 4.6 Stealth
 * Level 5.0 Spellcasting
 * Level 7.0 Conjurations
 + Level 2.9 Hexes
 + Level 1.6 Earth Magic


You had 6 spell levels left.
You knew the following spells:

 Your Spells              Type           Power      Damage    Failure   Level
a - Magic Dart            Conj           100%       1d8       1%          1
b - Searing Ray           Conj           72%        2d7       1%          2
c - Dazzling Flash        Conj/Hex       54%        N/A       4%          3
d - Fulminant Prism       Conj/Hex       13%        3d9       17%         4
e - Sandblast             Erth           24%        2d8       7%          1

Your spell library contained the following spells:

 Spells                   Type           Power      Damage    Failure   Level
 Tukima's Dance           Hex            18%        N/A       12%         3
 Portal Projectile        Hex/Tloc       24%        N/A       22%         3
 Iskenderun's Mystic Bla  Conj/Tloc      21%        2d6       30%         4
 Gell's Gravitas          Tloc           5%         N/A       36%         3
 Lesser Beckoning         Tloc           5%         N/A       36%         3
 Teleport Other           Tloc           5%         N/A       36%         3
 Blade Hands              Tmut           2%         N/A       98%         5


Dungeon Overview and Level Annotations

Branches:
Dungeon (7/15)             Temple (1/1) D:4           Sewer (visited)

Altars:
Ashenzari
Cheibriados
Dithmenos
Elyvilon
Fedhas
Gozag
Hepliaklqana
Kikubaaqudgha
Makhleb
Nemelex Xobeh
Okawaru
Qazlal
Ru
Sif Muna
Trog
Uskayaw
Vehumet
Wu Jian
Xom
Yredelemnul
Zin
The Shining One


Innate Abilities, Weirdness & Mutations

You are immune to sickness and miasma.
Your stone body is resilient. (AC +5)
You are immune to poison.
You resist negative energy. (rN+)
You are resistant to electric shocks. (rElec)
You are resistant to unholy torment.
You are immune to petrification.


Message History

The spell is quite dangerous to miscast (17% risk of failure)!
Continue anyway?
Aiming: Fulminant Prism (quite dangerous; 17% risk of failure)
Press: ? - help, Dir - move target You miscast Fulminant Prism.
You are very lightly contaminated with residual magic.
You feel a bit tired.
You feel yourself slow down.
Your fulminant prism crackles loudly.
The acid dragon spits acid at you. The splash of acid hits you!
The gnoll hits you from afar with a +0 spear.
You hear a shout! x3
Aiming: Magic Dart (safe; 1% risk of failure)
Press: ? - help, Q - select action, (/) - cycle Shift-Dir - straight line, f - acid dragon
Aim: an acid dragon (catching its breath, 100% to hit)
The magic dart hits the acid dragon!
The acid dragon is moderately wounded.
The gnoll barely misses you.
Your fulminant prism explodes!
The blast of energy engulfs the gnoll!
The gnoll is severely wounded.
The blast of energy engulfs the gnoll sergeant!
The gnoll sergeant is heavily wounded.
The blast of energy engulfs the acid dragon!!
The acid dragon is almost dead.
The blast of energy engulfs the gnoll!!
You kill the gnoll!
Vehumet accepts your kill.
You feel your power returning.
The blast of energy engulfs the gnoll!
The gnoll is almost dead.
The white imp shouts, "Fly, thou erky common-kissing tiddler!"
The gnoll sergeant barely misses you.
You hear a shout! x2; You hear an angry hiss.
The gnoll hits you but does no damage. The acid dragon bites you!
The acid dragon claws you but does no damage.
The gnoll sergeant hits you but does no damage.
The gnoll hits you but does no damage. The acid dragon spits acid at you.
The splash of acid hits you!!
Ouch! That really hurt!
You die...

# . .##.#
####....#
#........
#...5....
#Dg......
#@gg....g
#..)...[.
#........
#........
########.


You could see an acid dragon (catching breath), a gnoll sergeant, 2 gnolls, a
white imp and a goblin.

Vanquished Creatures
  A water moccasin (D:3)
  An orc warrior (D:6)
  An ogre (D:6)
  3 phantoms
  A bullfrog (D:5)
  2 scorpions
  2 howler monkeys
  5 hounds
  2 orc priests
  4 iguanas
  An orc wizard (D:5)
  A hell rat (Sewer)
  5 adders
  5 gnolls
  4 river rats (Sewer)
  3 white imps
  An ufetubus (D:5)
  2 worms
  4 dart slugs
  16 orcs
  5 bats
  7 endoplasms
  5 giant cockroaches
  9 goblins
  11 hobgoblins
  3 jackals (D:5)
  10 kobolds
  2 quokkas (D:3)
  14 ball pythons
  3 frilled lizards
  16 rats
149 creatures vanquished.

Vanquished Creatures (others)
  6 fulminant prisms
  7 fungi (D:6)
  9 plants (D:1)
22 creatures vanquished.

Grand Total: 171 creatures vanquished

Notes
Turn   | Place    | Note
-------+----------+-------------------------------------------
     0 | D:1      | happo123 the Gargoyle Conjurer began the quest for the Orb.
     0 | D:1      | Reached XP level 1. HP: 10/10 MP: 3/3
   348 | D:1      | Reached XP level 2. HP: 15/15 MP: 5/5
   352 | D:1      | Learned a level 2 spell: Searing Ray
   703 | D:1      | Reached XP level 3. HP: 17/20 MP: 3/6
   707 | D:1      | Learned a level 3 spell: Dazzling Flash
   773 | D:1      | Found a faded altar of an unknown god.
  1563 | D:3      | Reached XP level 4. HP: 23/24 MP: 4/7
  1635 | D:3      | Reached skill level 1 in Fighting
  1806 | D:3      | Reached skill level 1 in Armour
  1828 | D:3      | Reached skill level 5 in Conjurations
  1999 | D:3      | Reached skill level 1 in Hexes
  1999 | D:3      | Reached XP level 5. HP: 29/29 MP: 4/9
  2010 | D:3      | Found a shimmering altar of Xom.
  2200 | D:3      | Noticed a water moccasin
  2210 | D:3      | Killed a water moccasin
  2211 | D:3      | Reached XP level 6. HP: 27/35 MP: 1/11
  2534 | D:4      | Learned a level 4 spell: Fulminant Prism
  2708 | D:4      | Found a staircase to the Ecumenical Temple.
  2718 | Temple   | Entered the Ecumenical Temple
  2867 | Temple   | Became a worshipper of Vehumet
  3417 | D:5      | Entered Level 5 of the Dungeon
  3423 | D:5      | Reached XP level 7. HP: 27/40 MP: 12/12
  3439 | D:5      | Found a bloodstained altar of Trog.
  3661 | D:5      | Found a glowing silver altar of Zin.
  3668 | D:5      | Found an ornate altar of the Wu Jian Council.
  3682 | D:5      | Found an opulent altar of Gozag.
  3901 | D:5      | Reached skill level 6 in Conjurations
  4458 | D:6      | Reached XP level 8. HP: 28/45 MP: 10/14
  4550 | D:6      | Found a glowing drain.
  4562 | D:6      | Reached * piety under Vehumet
  4562 | D:6      | Offered knowledge of Sandblast by Vehumet.
  4567 | Sewer    | Entered a sewer
  4775 | D:6      | Learned a level 1 spell: Sandblast
  5015 | D:6      | Reached skill level 1 in Earth Magic
  5243 | D:6      | Reached skill level 1 in Maces & Flails
  5253 | D:6      | Reached skill level 5 in Spellcasting
  5253 | D:6      | Reached skill level 7 in Conjurations
  5568 | D:7      | Killed from afar by an acid dragon

Illustrated notes

Levels and vault maps discovered:
D:1:      lightli_arrival_statue_moat, layout_loops_ring,
          shapermc_ecumenical_altar_venn, hangedman_decor_diamond_cutter,
          kennysheep_flooded_box, serial_bayou_lake_a
D:2:      layout_loops_ring, minmay_hexomino_c4
D:3:      minmay_razor_zed, layout_rooms, mainiacjoe_overflow_boulevard,
          serial_glass, glass_columns_b, glass_columns_c,
          kennysheep_pointless_box, hangedman_decor_growths, minmay_ruptured
D:4:      layout_cave_pods, serial_glass, glass_columns_a, glass_columns_b
D:5:      layout_rooms, grunt_temple_overflow_cloverleaf,
          minmay_misc_feat_ornament
D:6:      layout_basic, serial_aquarium, aquarium_bridge_square
          [aquarium_subvault_balcony, aquarium_subvault_bridge,
          aquarium_subvault_bridge, aquarium_subvault_window],
          aquarium_window_fake, aquarium_window_1, aquarium_window_1,
          aquarium_view_2d, aquarium_view_2c, aquarium_pool_1,
          portal_sewer_entry_a, minmay_misc_feat_secret_circle,
          kennysheep_generic_room_2
D:7:      layout_rooms, enter_bailey_5
Temple:   minmay_temple_bridge_d

Skill      XL: |  1  2  3  4  5  6  7  8 |
---------------+-------------------------+-----
Fighting       | 1 2 3 |  3.4
Dodging        | 2 |  2.0
Armour         | 1 2 3 |  3.5
Conjurations   | 5 6 7 |  7.0
Spellcasting   | 3 4 5 |  5.0
Hexes          | 1 2 |  2.9
Stealth        | 3 4 |  4.6
Earth Magic    | 1 |  1.6
Maces & Flails | 1 |  1.2

Action                   |  1- 3 |  4- 6 |  7- 9 || total
-------------------------+-------+-------+-------++-------
Melee: Dagger            |    11 |       |       ||    11
       Unarmed           |     2 |       |       ||     2
       Short sword       |    30 |    66 |    42 ||   138
       Punch             |       |     2 |       ||     2
       Dire flail        |       |       |    47 ||    47
 Cast: Magic Dart        |    36 |    52 |    53 ||   141
       Searing Ray       |     4 |     3 |     7 ||    14
       Dazzling Flash    |       |     1 |     1 ||     2
       Fulminant Prism   |       |     1 |     5 ||     6
       Sandblast         |       |       |     6 ||     6
 Stab: Sleeping          |     2 |     5 |     2 ||     9
       Invisible         |       |     1 |     1 ||     2
Armor: Robe              |    18 |    24 |       ||    42
       Leather armour    |       |     4 |    54 ||    58
Dodge: Dodged            |    35 |    51 |    79 ||   165

Table legend: (Time is in decaauts)
 A = Elapsed time spent in this place.
 B = Non-inter-level travel time spent in this place.
 C = Inter-level travel time spent in this place.
 D = Time resting spent in this place.
 E = Time spent auto-exploring this place.
 F = Levels seen in this place.
 G = Mean time per level.
                   A        B        C        D        E       F      G
               +--------+--------+--------+--------+--------+-----+--------+
         Total |   5649 |   3828 |   1821 |    481 |   2147 |   9 |  627.7 |
       Dungeon |   5139 |   3362 |   1777 |    463 |   1832 |   7 |  734.1 |
        Temple |    288 |    244 |     44 |      0 |    237 |   1 |  288.0 |
         Sewer |    220 |    220 |      0 |     18 |     78 |   1 |  220.0 |
               +--------+--------+--------+--------+--------+-----+--------+

Top non-repeatable levels by time:
     D:5: 1012 daAuts
     D:1: 966 daAuts
     D:6: 934 daAuts
     D:3: 817 daAuts
     D:4: 778 daAuts
     D:2: 626 daAuts
  Temple: 288 daAuts
   Sewer: 220 daAuts
     D:7: 4 daAuts
